 Dungeon Crawl Stone Soup version 0.23.2-40-g277498a001 (webtiles) character file.

Game seed: 14843306997734727274

3196 Exodus22XD the Cleaver (level 9, -10/79 HPs)
             Began as a Minotaur Fighter on Aug 31, 2019.
             Was a Believer of Trog.
             Mangled by a two-headed ogre
             ... wielding a +0 giant club
              (16 damage)
             ... on level 8 of the Dungeon.
             The game lasted 00:12:12 (6302 turns).

Exodus22XD the Cleaver (Minotaur Fighter)           Turns: 6302, Time: 00:12:13

Health: -10/79     AC:  6    Str: 23    XL:     9   Next: 64%
Magic:  0/8        EV: 10    Int:  5    God:    Trog [**....]
Gold:   350        SH: 11    Dex: 11    Spells: 8/8 levels left

rFire    + . .     SeeInvis .   a - +0 war axe
rCold    . . .     Gourm    .   c - +0 shield
rNeg     + . .     Faith    .   x - +2 scale mail {rF+}
rPois    +         Spirit   +   (helmet restricted)
rElec    .         Reflect  .   (no cloak)
rCorr    .         Harm     .   (no gloves)
MR       .....                  (no boots)
Stlth    ..........             t - amulet of guardian spirit
HPRegen  0.23/turn              z - ring of poison resistance
MPRegen  0.11/turn              g - ring of positive energy

@: corroded, berserk cooldown, slowed, very slow
A: retaliatory headbutt, horns 2
a: Berserk, Trog's Hand, Renounce Religion


You were on level 8 of the Dungeon.
You worshipped Trog.
Trog was pleased with you.
You were very hungry.

You visited 1 branch of the dungeon, and saw 8 of its levels.

You collected 410 gold pieces.
You spent 60 gold pieces at shops.

Inventory:

Hand Weapons
 a - a +0 war axe (weapon)
 E - a +0 trident
Armour
 c - a +0 shield (worn)
 x - a +2 scale mail of fire resistance (worn)
Jewellery
 g - a ring of positive energy (right hand)
 t - an amulet of guardian spirit (around neck)
 z - a ring of poison resistance (left hand)
 F - a +3 ring of evasion
Wands
 m - a wand of scattershot (4)
 y - a wand of flame (9)
Scrolls
 h - 3 scrolls of fog
 i - 5 scrolls of teleportation
 k - 4 scrolls of remove curse {unknown}
 l - 3 scrolls of immolation {unknown}
 n - a scroll of amnesia {unknown}
 o - 3 scrolls of enchant weapon {unknown}
 r - 2 scrolls of noise {unknown}
 v - 3 scrolls of enchant armour {unknown}
 B - a scroll of blinking {unknown}
 D - a scroll of magic mapping {unknown}
 G - a scroll of identify
Potions
 d - 2 potions of might
 e - a potion of lignification {unknown}
 j - 2 potions of berserk rage
 p - 4 potions of curing {unknown}
 q - a potion of magic {unknown}
 s - 3 potions of agility {unknown}
 u - a potion of mutation {unknown}
 w - a potion of brilliance {unknown}
 A - a potion of flight {unknown}
 C - 2 potions of resistance {unknown}
 H - a potion of heal wounds
Comestibles
 b - 3 chunks of flesh
 f - 14 rations


   Skills:
 + Level 7.4 Fighting
 + Level 10.5 Axes
 + Level 7.8 Armour
 + Level 3.7 Dodging
 - Level 0.1 Stealth
 + Level 7.9 Shields


You had 8 spell levels left.
You didn't know any spells.
Your spell library was empty.

Dungeon Overview and Level Annotations

Branches:
Dungeon (8/15)             Temple (0/1) D:7
   Lair: D:8-11

Altars:
Ashenzari
Cheibriados
Dithmenos
Elyvilon
Fedhas
Makhleb
Ru
Trog
Uskayaw
Yredelemnul
The Shining One

Shops:
D:4 !

Annotations:
D:5 Prince Ribbit


Innate Abilities, Weirdness & Mutations

You reflexively headbutt those who attack you in melee.
You have a pair of horns on your head.


Message History

You headbutt the two-headed ogre!
The two-headed ogre is moderately wounded.
You slash the two-headed ogre!
Your headbutt misses the two-headed ogre.
The two-headed ogre is heavily wounded.
You block the two-headed ogre's attack.
The two-headed ogre hits you with a +0 giant club!!
* * * LOW HITPOINT WARNING * * *
You hit the two-headed ogre. You headbutt the two-headed ogre!
The two-headed ogre is severely wounded.
You are no longer berserk.
You are exhausted.
You feel yourself slow down. The two-headed ogre closely misses you.
You furiously retaliate!
You headbutt the two-headed ogre. You block the two-headed ogre's attack.
You slash the two-headed ogre!
You headbutt the two-headed ogre, but do no damage.
The two-headed ogre is almost dead.
The two-headed ogre hits you with a +0 giant club!!
You die...

### ### #...# ...
..# #...# ###.##
#.## #...#
#.....##..# #...#
.......#..# #<..#
.......#..# #..##
..._...†..# ##.##
.$.....#÷.#####..#
.......#@........#
#.....##O........#
###.## #.........#
... ....#########
##. ..#.## . .....
...## ..


You could see a two-headed ogre.

Vanquished Creatures
  Pikel (D:4)
  2 hungry ghosts (D:7)
  An acid dragon (D:8)
  A slave (D:4)
  An ice beast (D:7)
  An orc warrior (D:6)
  A necrophage (D:7)
  2 ogres
  A black bear (D:7)
  2 eyes of draining (D:3)
  A sky beast (D:7)
  3 centaurs
  4 bullfrogs
  A centaur zombie (D:7)
  A howler monkey (D:5)
  A crimson imp (D:7)
  2 hounds (D:4)
  A jelly (D:7)
  5 orc priests
  11 orc wizards
  A bullfrog skeleton (D:6)
  An iguana (D:8)
  5 worker ants
  A killer bee zombie (D:8)
  A hound zombie (D:5)
  A worker ant zombie (D:8)
  8 adders
  An adder skeleton (D:4)
  3 worms
  3 dart slugs
  2 leopard geckos
  25 orcs
  5 giant cockroaches
  8 goblins
  5 hobgoblins
  8 jackals
  5 kobolds
  2 quokkas
  2 ball pythons
  3 bats
  7 frilled lizards
  5 rats
145 creatures vanquished.

Notes
Turn   | Place    | Note
-------+----------+-------------------------------------------
     0 | D:1      | Exodus22XD the Minotaur Fighter began the quest for the
                  | Orb.
     0 | D:1      | Reached XP level 1. HP: 19/19 MP: 0/0
   143 | D:1      | Reached XP level 2. HP: 10/27 MP: 1/1
   918 | D:2      | Reached XP level 3. HP: 10/33 MP: 2/2
  1314 | D:2      | Found a basalt altar of Yredelemnul.
  1321 | D:2      | Reached skill level 3 in Axes
  1741 | D:2      | Reached XP level 4. HP: 40/40 MP: 3/3
  2023 | D:3      | Found a bloodstained altar of Trog.
  2023 | D:3      | Noticed an eye of draining
  2030 | D:3      | Noticed an eye of draining
  2034 | D:3      | Reached skill level 1 in Dodging
  2040 | D:3      | Killed an eye of draining
  2040 | D:3      | Reached skill level 4 in Axes
  2040 | D:3      | Reached XP level 5. HP: 47/47 MP: 0/4
  2045 | D:3      | Killed an eye of draining
  2045 | D:3      | Reached skill level 5 in Shields
  2057 | D:3      | Became a worshipper of Trog the Wrathful
  2129 | D:3      | Reached XP level 6. HP: 53/53 MP: 5/5
  2627 | D:4      | Reached skill level 5 in Axes
  2832 | D:4      | Reached skill level 5 in Armour
  2970 | D:4      | Reached skill level 6 in Axes
  2970 | D:4      | Reached XP level 7. HP: 59/60 MP: 6/6
  3038 | D:4      | Noticed Pikel
  3062 | D:4      | Killed Pikel
  3062 | D:4      | Reached skill level 5 in Fighting
  3062 | D:4      | Reached skill level 7 in Axes
  3062 | D:4      | Reached XP level 8. HP: 20/69 MP: 4/7
  3330 | D:4      | Found Ogowob's Distillery.
  3333 | D:4      | Bought a potion of heal wounds for 60 gold pieces
  3588 | D:5      | Entered Level 5 of the Dungeon
  3722 | D:5      | Found a hide-covered altar of Uskayaw.
  3760 | D:5      | Reached * piety under Trog
  4104 | D:5      | Reached skill level 8 in Axes
  4125 | D:5      | Found a glowing golden altar of the Shining One.
  4259 | D:5      | Found Elohix's Magic Scroll Shop.
  4483 | D:5      | Noticed Prince Ribbit
  4660 | D:6      | HP: 2/70 [orc warrior/+0 trident (14)]
  5006 | D:6      | Found a burning altar of Makhleb.
  5061 | D:6      | Found a snail-covered altar of Cheibriados.
  5062 | D:6      | Found a blossoming altar of Fedhas.
  5063 | D:6      | Found a sacrificial altar of Ru.
  5063 | D:6      | Found a shadowy altar of Dithmenos.
  5176 | D:6      | Found a shattered altar of Ashenzari.
  5241 | D:6      | Reached skill level 9 in Axes
  5435 | D:7      | Reached ** piety under Trog
  5471 | D:7      | Reached XP level 9. HP: 71/78 MP: 6/8
  5726 | D:7      | Reached skill level 10 in Axes
  5756 | D:7      | Found a staircase to the Ecumenical Temple.
  6273 | D:8      | Found a white marble altar of Elyvilon.
  6295 | D:8      | Noticed a two-headed ogre
  6302 | D:8      | Mangled by a two-headed ogre

Skill      XL: |  1  2  3  4  5  6  7  8  9 |
---------------+----------------------------+-----
Shields        | 4 5 6 7 |  7.9
Fighting       | 4 5 6 7 |  7.4
Armour         | 4 5 6 7 |  7.8
Axes           | 3 4 6 7 9 10 | 10.5
Dodging        | 1 2 3 |  3.7
Stealth        | |  0.1

Action                   |  1- 3 |  4- 6 |  7- 9 || total
-------------------------+-------+-------+-------++-------
Melee: War axe           |   110 |   101 |   289 ||   500
       Headbutt          |    10 |    17 |    53 ||    80
Invok: Berserk           |       |       |     2 ||     2
  Use: Scroll            |       |     4 |     1 ||     5
       Potion            |       |       |     1 ||     1
  Eat: Chunk             |     3 |     4 |    18 ||    25
Armor: Scale mail        |    47 |    25 |    83 ||   155
Dodge: Dodged            |    42 |    32 |    95 ||   169
Block: Shield            |    64 |    48 |   158 ||   270
